[Event "Team 45 45 League T96"]
[Site "Internet Chess Club"]
[Date "2023.06.09"]
[Round "5"]
[White "BlueStorm"]
[Black "jcule"]
[Result "1-0"]
[WhiteElo "1633"]
[BlackElo "1403"]
[Opening "Queen's pawn, Mason variation"]
[ECO "D00"]
[Time "14:01:10"]
[PlyCount "83"]
[TimeControl "2700+45"]

1. d4 d5 2. Bf4 e6 3. e3 Nf6 4. h3 c5 5. c3 c4 6. Nd2 Bd6 7. Bxd6 Qxd6 8. Ngf3
Nc6 9. Be2 b5 10. Qc2 O-O 11. e4 dxe4 12. Nxe4 Nxe4 13. Qxe4 Bb7 14. Ng5 f5 15.
Qxe6+ Qxe6 16. Nxe6 Rf6 17. Nc5 Bc8 18. O-O a5 19. Rfe1 Ra7 20. Bf3 Re7 21. Rxe7
Nxe7 22. Re1 Kf7 23. g3 Be6 24. Nxe6 Rxe6 25. Rxe6 Kxe6 26. Kf1 b4 27. Ke2 Nd5
28. Bxd5+ Kxd5 29. Ke3 g5 30. h4 h6 31. hxg5 hxg5 32. Kf3 b3 33. a3 Ke6 34. g4
a4 35. gxf5+ Kxf5 36. Ke3 g4 37. d5 Ke5 38. d6 Kxd6 39. Kd4 Kc6 40. Kxc4 Kd6 41.
Kd4 Ke6 42. Ke4 {Black resigns} 1-0

[Event "Team 45 45 League T96"]
[Site "Internet Chess Club"]
[Date "2023.06.12"]
[Round "5"]
[White "Fulmar"]
[Black "Reykjaviking"]
[Result "0-1"]
[WhiteElo "1278"]
[BlackElo "1335"]
[Opening "Philidor's defense"]
[ECO "C41"]
[Time "13:00:18"]
[PlyCount "146"]
[TimeControl "2700+45"]

1. e4 e5 2. Nf3 d6 3. Bb5+ c6 4. Ba4 Bg4 5. c4 Be7 6. Nc3 Nf6 7. d3 O-O 8. O-O
Nbd7 9. Qe2 Nc5 10. Bc2 Re8 11. b4 Ne6 12. Bb2 Nd4 13. Qd1 Nxc2 14. Qxc2 Bxf3
15. gxf3 Nh5 16. Kh1 Nf4 17. Rae1 Bg5 18. Bc1 Re6 19. Ne2 Rf6 20. Rg1 h6 21.
Bxf4 Bxf4 22. Rg2 Qd7 23. Reg1 g5 24. Rg4 Rg6 25. Ng3 Bxg3 26. R1xg3 Qe7 27. Rh3
Kg7 28. Qc1 Rh8 29. Rh5 f6 30. Qg1 Kg8 31. Rgh4 Qf7 32. Qg4 gxh4 33. Qc8+ Kg7
34. Qf5 Rg5 35. Rxg5+ hxg5 36. Qg4 h3 37. a4 b6 38. Kg1 Rh4 39. Qc8 c5 40. b5
Rh8 41. Qa6 Rf8 42. a5 Qc7 43. axb6 axb6 44. Kf1 Rf7 45. Ke2 Qa7 46. Qc8 Qd7 47.
Qa6 Qc7 48. Qa8 f5 49. Qd5 f4 50. Kd2 Rf6 51. Kc3 Qa7 52. Qc6 Qa3+ 53. Kc2 Qa2+
54. Kc3 Qa1+ 55. Kb3 Qd4 56. Ka4 Qxf2 57. Qxb6 Qxh2 58. Qc7+ Rf7 59. Qxf7+ Kxf7
60. b6 Qb2 61. Ka5 Qxb6+ 62. Kxb6 h2 63. d4 exd4 64. Kc7 Ke6 65. Kc6 h1=Q 66.
Kc7 Qxf3 67. Kd8 Qxe4 68. Ke8 Kf5+ 69. Kf7 g4 70. Kg7 g3 71. Kf7 g2 72. Kg8
g1=Q+ 73. Kh7 Qeh1# {White checkmated} 0-1

[Event "Team 45 45 League T96"]
[Site "Internet Chess Club"]
[Date "2023.06.12"]
[Round "5"]
[White "AlWynJones"]
[Black "Portola"]
[Result "0-1"]
[WhiteElo "1467"]
[BlackElo "1738"]
[Opening "QGD semi-Slav: 5.e3"]
[ECO "D45"]
[Time "08:00:15"]
[PlyCount "96"]
[TimeControl "2700+45"]

1. c4 e6 2. Nc3 d5 3. e3 Nf6 4. d4 c6 5. Nf3 b6 6. b3 Bb7 7. g3 Nbd7 8. Bg2 Bd6
9. O-O O-O 10. Re1 e5 11. dxe5 Bxe5 12. Nxe5 Nxe5 13. cxd5 cxd5 14. Qd4 Re8 15.
Rd1 Qe7 16. Nxd5 Bxd5 17. Bxd5 Rad8 18. e4 Nf3+ 19. Kg2 Nxd4 20. Rxd4 Nxd5 21.
exd5 Qb7 22. Bb2 Rxd5 23. Kg1 Rxd4 24. Bxd4 Qe4 25. Bc3 Qc2 26. Bd4 Rd8 27. Be3
Rd1+ 28. Rxd1 Qxd1+ 29. Kg2 Qc2 30. g4 Qxa2 31. g5 Qxb3 32. h4 Qe6 33. h5 Qg4+
34. Kh1 Qxh5+ 35. Kg1 Qf3 36. g6 hxg6 37. Kh2 f6 38. Bd4 g5 39. Bxb6 axb6 40.
Kg1 b5 41. Kh2 f5 42. Kg1 g4 43. Kh2 f4 44. Kg1 b4 45. Kh2 b3 46. Kg1 b2 47. Kh2
Qxf2+ 48. Kh1 b1=Q# {White checkmated} 0-1

[Event "Team 45 45 League T96"]
[Site "Internet Chess Club"]
[Date "2023.06.08"]
[Round "5"]
[White "rubo"]
[Black "fireball"]
[Result "0-1"]
[WhiteElo "1482"]
[BlackElo "1551"]
[Opening "Queen's pawn: London system"]
[ECO "A45"]
[Time "21:00:35"]
[PlyCount "120"]
[TimeControl "2700+45"]

1. d4 Nf6 2. Bf4 d5 3. e3 Bf5 4. c4 c6 5. Nc3 e6 6. Qb3 Qb6 7. c5 Qxb3 8. axb3
Nbd7 9. b4 Be7 10. Nf3 O-O 11. Ne5 Nxe5 12. dxe5 Nh5 13. Bg3 Nxg3 14. hxg3 b6
15. Ba6 bxc5 16. Bb7 Rab8 17. Rxa7 cxb4 18. Na4 c5 19. Bc6 Rfc8 20. Bxd5 Kf8 21.
Bf3 Bc2 22. Bd1 Bxd1 23. Kxd1 h6 24. Ke2 Ra8 25. Rxa8 Rxa8 26. b3 c4 27. Nb6
Ra2+ 28. Kf3 c3 29. Nc4 Ke8 30. Rd1 g5 31. g4 Bc5 32. Rc1 Kd7 33. Kg3 Kc6 34.
Kf3 Kd5 35. Rd1+ Kc6 36. Rc1 Be7 37. Kg3 f6 38. Kf3 f5 39. gxf5 exf5 40. Rh1 g4+
41. Kg3 Bg5 42. f4 gxf3 43. gxf3 c2 44. Rc1 Be7 45. f4 h5 46. Kf3 h4 47. e4
fxe4+ 48. Kxe4 h3 49. Kf3 Bc5 50. Kg3 Bd4 51. Kxh3 Kd5 52. Kg4 Ke4 53. e6 Be3
54. Re1 c1=Q 55. Rxe3+ Kd5 56. e7 Qg1+ 57. Kf5 Qb1+ 58. Kf6 Ra6+ 59. Kf7 Qg6+
60. Kf8 Rf6# {White checkmated} 0-1

[Event "Team 45 45 League T96"]
[Site "Internet Chess Club"]
[Date "2023.06.11"]
[Round "5"]
[White "vollmerj"]
[Black "nosir"]
[Result "1/2-1/2"]
[WhiteElo "1524"]
[BlackElo "1458"]
[Opening "Réti opening"]
[ECO "A04"]
[Time "06:30:12"]
[PlyCount "156"]
[TimeControl "2700+45"]

1. Nf3 d6 2. g3 e5 3. d4 Nd7 4. dxe5 dxe5 5. Nc3 Bb4 6. Bd2 c6 7. Bg2 Ngf6 8.
O-O O-O 9. a3 Be7 10. Ng5 h6 11. Nge4 Nxe4 12. Nxe4 f5 13. Nc3 Bg5 14. Bxg5 Qxg5
15. f4 exf4 16. Rxf4 Ne5 17. Qd4 Qe7 18. Rd1 Ng4 19. Bf3 Be6 20. Bxg4 fxg4 21.
Rxf8+ Qxf8 22. Qd6 Re8 23. Qxf8+ Rxf8 24. e4 Bf7 25. Rd7 Bc4 26. Rd1 Re8 27. Re1
a5 28. Kf2 b5 29. Ke3 b4 30. axb4 axb4 31. Ne2 Bd5 32. Kd4 Rxe4+ 33. Kc5 Bc4 34.
Kxb4 Rxe2 35. Rxe2 Bxe2 36. Kc5 Bb5 37. b3 Be2 38. Kxc6 Bf3+ 39. Kd6 Kf7 40. b4
g5 41. c4 Be2 42. c5 Ke8 43. c6 Kd8 44. Kc5 Ba6 45. b5 Bc8 46. b6 Ba6 47. Kd6
Kc8 48. Ke7 Bb5 49. Kd6 h5 50. b7+ Kb8 51. Kc5 Ba4 52. Kb6 Bxc6 53. Kxc6 h4 54.
Kd6 Kxb7 55. Ke5 hxg3 56. hxg3 Kc6 57. Kf5 Kd6 58. Kxg4 Ke6 59. Kxg5 Kf7 60. Kf5
Kf8 61. g4 Kf7 62. Kg5 Kg7 63. Kf5 Kf7 64. g5 Kg7 65. g6 Kg8 66. Kf6 Kf8 67. Ke5
Kg7 68. Kf5 Kg8 69. Kg5 Kg7 70. Kh5 Kg8 71. Kg5 Kg7 72. Kf5 Kg8 73. Ke6 Kg7 74.
Kf5 Kg8 75. Kf6 Kf8 76. Kf5 Kg7 77. Kg5 Kg8 78. Kf6 Kf8 {Game drawn by
repetition} 1/2-1/2

[Event "Team 45 45 League T96"]
[Site "Internet Chess Club"]
[Date "2023.06.09"]
[Round "5"]
[White "g8wrb"]
[Black "smsxman"]
[Result "0-1"]
[WhiteElo "1266"]
[BlackElo "1373"]
[Opening "French: Tarrasch, open variation"]
[ECO "C07"]
[Time "13:03:53"]
[PlyCount "176"]
[TimeControl "2700+45"]

1. e4 e6 2. d4 d5 3. Nd2 c5 4. c3 cxd4 5. cxd4 Nc6 6. Bb5 Bd7 7. Ngf3 Bb4 8. e5
Bxd2+ 9. Bxd2 Nge7 10. Qe2 O-O 11. O-O Nf5 12. Bxc6 Bxc6 13. Rac1 a6 14. Rfd1
Rc8 15. Bb4 Re8 16. Bc5 b6 17. Bb4 Bb5 18. Qd2 Rxc1 19. Rxc1 h6 20. b3 a5 21.
Ba3 Qd7 22. Qc2 Ba6 23. Qc7 Qxc7 24. Rxc7 Rc8 25. Rxc8+ Bxc8 26. Kf1 Ba6+ 27.
Ke1 Bd3 28. Kd2 Be4 29. Bb2 b5 30. a3 Kf8 31. b4 a4 32. Ke2 Bxf3+ 33. Kxf3 g5
34. g3 Kg7 35. Kg4 Kg6 36. Kf3 h5 37. h3 Nh6 38. g4 hxg4+ 39. hxg4 f5 40. gxf5+
Nxf5 41. Kg4 Nh6+ 42. Kg3 Kf5 43. f3 Nf7 44. Bc1 Nd8 45. Be3 Nc6 46. Bg1 Ne7 47.
Be3 Ng6 48. Bd2 Ne7 49. Be3 Nc8 50. Bf2 Nb6 51. Be3 Nc4 52. Bc1 Nb6 53. Be3 Nd7
54. Bd2 Nf8 55. Be3 Nh7 56. Bf2 Nf8 57. Be3 Ng6 58. Bf2 Ne7 59. Be1 Ng8 60. Bf2
Nh6 61. Be3 Nf7 62. Bf2 Nd8 63. Be3 Nf7 64. Bf2 Nh8 65. Be3 Ng6 66. Bd2 Ne7 67.
Bc3 Ng6 68. Bd2 Nf8 69. Be3 Nd7 70. Bd2 Nb6 71. Bc3 Nc4 72. Kf2 Nxa3 73. Ke2 Nc4
74. Kd3 g4 75. fxg4+ Kxg4 76. Kc2 Kf3 77. Kd3 Kf2 78. Ba1 Ke1 79. Kc2 Ke2 80.
Bc3 Ke3 81. Ba1 Na3+ 82. Kd1 Kd3 83. Kc1 Nc2 84. Bb2 Nxb4 85. Kb1 Kc4 86. Kc1
Nd3+ 87. Kc2 Nxb2 88. Kxb2 Kxd4 {White resigns} 0-1

[Event "Team 45 45 League T96"]
[Site "Internet Chess Club"]
[Date "2023.06.13"]
[Round "5"]
[White "WillC"]
[Black "primerpaso"]
[Result "0-1"]
[WhiteElo "1563"]
[BlackElo "1783"]
[Opening "Queen's pawn game"]
[ECO "A46"]
[Time "16:05:11"]
[PlyCount "84"]
[TimeControl "2700+45"]

1. d4 Nf6 2. Nf3 e6 3. b3 d5 4. Bb2 Be7 5. e3 O-O 6. Bd3 b6 7. O-O Bb7 8. Nbd2
Nbd7 9. c4 c5 10. Rc1 Rc8 11. Re1 Ne4 12. cxd5 exd5 13. dxc5 Ndxc5 14. Bb1 Bf6
15. Nd4 Qd7 16. f3 Nd6 17. e4 dxe4 18. fxe4 Rfe8 19. e5 Bxe5 20. Bxh7+ Kxh7 21.
Qh5+ Kg8 22. Rxe5 Rxe5 23. Qxe5 Nd3 24. Rxc8+ Nxc8 25. Qg5 f6 26. Qg6 Nxb2 27.
Nf5 Nd6 28. Nh6+ Kf8 29. Qh7 Ne8 30. Qg8+ Ke7 31. Qf7+ Kd8 32. Qxd7+ Kxd7 33.
Nf5 Bd5 34. Kf2 Nd1+ 35. Kg3 Nc3 36. a3 g6 37. Nh4 Bf7 38. Kf3 Nd6 39. Kf2 Nde4+
40. Nxe4 Nxe4+ 41. Ke3 Nd6 42. Kd3 g5 {White resigns} 0-1

[Event "Team 45 45 League T96"]
[Site "Internet Chess Club"]
[Date "2023.06.11"]
[Round "5"]
[White "jfkingiii"]
[Black "evan7284"]
[Result "0-1"]
[WhiteElo "1424"]
[BlackElo "1615"]
[Opening "Four knights: symmetrical, Metger unpin"]
[ECO "C49"]
[Time "15:00:12"]
[PlyCount "42"]
[TimeControl "2700+45"]

1. e4 e5 2. Nc3 Nc6 3. Nf3 Nf6 4. Bb5 Bb4 5. O-O O-O 6. d3 d6 7. Bg5 Bxc3 8.
bxc3 Qe7 9. h3 Nd8 10. Re1 Ne6 11. Bh4 Nf4 12. d4 Ng6 13. Bg3 a6 14. Bc4 b5 15.
Bb3 Bb7 16. dxe5 dxe5 17. Nd2 Rad8 18. Qe2 Rd6 19. c4 Rfd8 20. Rad1 Qd7 21. cxb5
Rxd2 {White resigns} 0-1

[Event "Team 45 45 League T96"]
[Site "Internet Chess Club"]
[Date "2023.06.11"]
[Round "5"]
[White "BrerRabbit"]
[Black "Constrictor"]
[Result "1-0"]
[WhiteElo "1387"]
[BlackElo "1416"]
[Opening "King's Indian: fianchetto without c4"]
[ECO "A49"]
[Time "19:04:23"]
[PlyCount "29"]
[TimeControl "2700+45"]

1. d4 Nf6 2. Nf3 g6 3. g3 Bg7 4. Bg2 O-O 5. O-O d6 6. b3 Nbd7 7. Bb2 Re8 8. Qc1
e5 9. dxe5 dxe5 10. Rd1 Qe7 11. c4 Ng4 12. h3 Nh6 13. Nc3 Nf5 14. Nd5 Qe6 15.
Nxc7 {Black resigns} 1-0

[Event "Team 45 45 League T96"]
[Site "Internet Chess Club"]
[Date "2023.06.09"]
[Round "5"]
[White "rjhoro"]
[Black "BIRDSMAN"]
[Result "0-1"]
[WhiteElo "1140"]
[BlackElo "1384"]
[Opening "Queen's Indian: 4.Nc3"]
[ECO "E12"]
[Time "17:00:55"]
[PlyCount "94"]
[TimeControl "2700+45"]

1. d4 Nf6 2. c4 e6 3. Nf3 b6 4. Nc3 Bb7 5. e3 Ne4 6. Nxe4 Bxe4 7. Bd3 Bxd3 8.
Qxd3 d5 9. O-O c6 10. Re1 Nd7 11. a3 Be7 12. Bd2 Nf6 13. Rac1 O-O 14. Bb4 c5 15.
dxc5 bxc5 16. Bc3 Ne4 17. Re2 Nxc3 18. Rxc3 Bf6 19. Rb3 dxc4 20. Qxc4 Qc7 21. e4
Rfd8 22. Rd3 Rxd3 23. Qxd3 Rd8 24. Qc2 Rb8 25. e5 Be7 26. Qe4 g6 27. Rc2 Rb3 28.
Nd2 Qd7 29. g3 Rd3 30. Qe2 Qd5 31. f3 Qd4+ 32. Kg2 Re3 33. Qf2 Rxe5 34. Qxd4
cxd4 35. Ne4 f5 36. Nd2 Re2+ 37. Kf1 Rxh2 38. Ke1 Bd6 39. f4 Kf7 40. Rc4 e5 41.
fxe5 Bxe5 42. Nf3 Bxg3+ 43. Kf1 Rf2+ 44. Kg1 Rxf3 45. Kg2 Rb3 46. Rxd4 Ke6 47.
Ra4 Bb8 {White resigns} 0-1

[Event "Team 45 45 League T96"]
[Site "Internet Chess Club"]
[Date "2023.06.11"]
[Round "5"]
[White "Signofthetimes"]
[Black "clarinetref"]
[Result "1-0"]
[WhiteElo "1581"]
[BlackElo "1516"]
[Opening "French defense"]
[ECO "C00"]
[Time "21:03:51"]
[PlyCount "89"]
[TimeControl "2700+45"]

1. e4 e6 2. Nf3 d5 3. e5 c5 4. Bb5+ Bd7 5. Qe2 a6 6. Bxd7+ Nxd7 7. O-O Qc7 8. c3
d4 9. d3 Ne7 10. c4 Ng6 11. Re1 Be7 12. Qe4 h6 13. h4 O-O-O 14. h5 Ngf8 15. Bf4
Qb6 16. Nbd2 f5 17. exf6 Nxf6 18. Qe2 Nxh5 19. Bh2 Bd6 20. Ne5 Qc7 21. Qxh5 g6
22. Qf3 Nh7 23. Qf7 Qb8 24. Qxe6+ Kc7 25. Nf7 Bxh2+ 26. Kxh2 Rhe8 27. Qxg6 Rd7
28. Rxe8 Qxe8 29. Qxh7 Rxf7 30. Qe4 Re7 31. Qf4+ Kc8 32. Ne4 Qh5+ 33. Kg1 Qg6
34. Nd6+ Kd8 35. Qf8+ Kd7 36. Qf5+ Qxf5 37. Nxf5 Re2 38. Nxh6 Rxb2 39. g4 Rd2
40. Re1 Rxd3 41. Kg2 Rc3 42. g5 d3 43. g6 d2 44. Rd1 Ke8 45. g7 {Black resigns}
1-0

[Event "Team 45 45 League T96"]
[Site "Internet Chess Club"]
[Date "2023.06.11"]
[Round "5"]
[White "garytd"]
[Black "scostanzo212"]
[Result "1-0"]
[WhiteElo "1447"]
[BlackElo "1529"]
[Opening "Queen's bishop game"]
[ECO "D02"]
[Time "14:01:52"]
[PlyCount "69"]
[TimeControl "2700+45"]

1. d4 d5 2. Nf3 Nf6 3. Bf4 c5 4. c3 Nc6 5. e3 Qb6 6. Na3 Qxb2 7. Nb5 Ne4 8. Nc7+
Kd8 9. Be2 Nxc3 10. Rb1 Qxa2 11. Ra1 Qb2 12. Rb1 Nxd1 13. Rxb2 Nxb2 14. Nxa8 c4
15. Ng5 Be6 16. Nc7 Kd7 17. Kd2 Na4 18. g4 h6 19. Ngxe6 fxe6 20. Nb5 g5 21. Bg3
Bg7 22. Ra1 Nb6 23. Bd1 a6 24. Nc3 Nc8 25. Rb1 b5 26. Ra1 b4 27. Na4 a5 28. Nc5+
Ke8 29. Nxe6 Bf6 30. Nc7+ Kd7 31. Nxd5 c3+ 32. Kd3 Nd6 33. Ba4 Nb7 34. Nb6+ Ke6
35. Bb3# {Black checkmated} 1-0

[Event "Team 45 45 League T96"]
[Site "Internet Chess Club"]
[Date "2023.06.09"]
[Round "5"]
[White "Kingofknights"]
[Black "herrahuu"]
[Result "1-0"]
[WhiteElo "1551"]
[BlackElo "1475"]
[Opening "Queen's pawn game"]
[ECO "E00"]
[Time "11:30:16"]
[PlyCount "29"]
[TimeControl "2700+45"]

1. d4 Nf6 2. c4 e6 3. a3 d5 4. cxd5 exd5 5. Bg5 c6 6. Nc3 Bf5 7. e3 Nbd7 8. Nf3
Be7 9. Be2 O-O 10. Nh4 Be6 11. Qc2 Ng4 12. Bxe7 Qxe7 13. Nf5 Qg5 14. Ng3 Ngf6
15. f4 {Black resigns} 1-0

[Event "Team 45 45 League T96"]
[Site "Internet Chess Club"]
[Date "2023.06.11"]
[Round "5"]
[White "DaveTheRook"]
[Black "kingphisch"]
[Result "1/2-1/2"]
[WhiteElo "1407"]
[BlackElo "1329"]
[Opening "Benkö gambit accepted"]
[ECO "A58"]
[Time "14:00:46"]
[PlyCount "67"]
[TimeControl "2700+45"]

1. d4 Nf6 2. c4 c5 3. d5 b5 4. cxb5 a6 5. bxa6 Bxa6 6. Nc3 g6 7. Nf3 Bg7 8. e4
Bxf1 9. Kxf1 d6 10. Bd2 O-O 11. Qc1 Nbd7 12. Bh6 Qb6 13. Bxg7 Kxg7 14. Qd2 Rfb8
15. Rb1 Qa6+ 16. Qe2 Nb6 17. Qxa6 Rxa6 18. Nd2 Na4 19. Nxa4 Rxa4 20. f3 Rxa2 21.
Nc4 Rb4 22. b3 Rc2 23. Re1 Rxb3 24. Ne3 Rcc3 25. Kf2 Rb2+ 26. Re2 Rxe2+ 27. Kxe2
Rb3 28. Ra1 Rb2+ 29. Kf1 Rb7 30. Ra8 Nd7 31. Ra2 Ne5 32. Ke2 Rc7 33. Kd2 c4 34.
Kc3 {Game drawn by mutual agreement} 1/2-1/2

[Event "Team 45 45 League T96"]
[Site "Internet Chess Club"]
[Date "2023.06.11"]
[Round "5"]
[White "jonesey"]
[Black "HomerSimpson"]
[Result "0-1"]
[WhiteElo "1853"]
[BlackElo "2013"]
[Opening "Caro-Kann: Panov-Botvinnik attack, 5...e6"]
[ECO "B14"]
[Time "17:03:36"]
[PlyCount "60"]
[TimeControl "2700+45"]

1. e4 c6 2. d4 d5 3. exd5 cxd5 4. c4 Nf6 5. Nc3 e6 6. Nf3 Bb4 7. Bd3 dxc4 8.
Bxc4 O-O 9. O-O b6 10. Bg5 Bb7 11. a3 Be7 12. Re1 h6 13. Bh4 Nbd7 14. Rc1 Rc8
15. Ba2 Re8 16. Bb1 Nd5 17. Bxe7 Qxe7 18. Qd3 N7f6 19. Nxd5 Bxd5 20. Rxc8 Rxc8
21. Ne5 Qb7 22. f3 b5 23. b3 Qc7 24. Ng4 Nxg4 25. Qh7+ Kf8 26. fxg4 Qc3 27. Kf1
Ke7 28. Qxg7 Bxg2+ 29. Kf2 Bd5 30. Bg6 Qf3+ {White resigns} 0-1

[Event "Team 45 45 League T96"]
[Site "Internet Chess Club"]
[Date "2023.06.12"]
[Round "5"]
[White "keithuws1"]
[Black "fishhead"]
[Result "1-0"]
[WhiteElo "1393"]
[BlackElo "1626"]
[Opening "Sicilian: Najdorf, Opocensky variation"]
[ECO "B92"]
[Time "18:00:17"]
[PlyCount "49"]
[TimeControl "2700+45"]

1. e4 c5 2. Nf3 d6 3. d4 cxd4 4. Nxd4 Nf6 5. Nc3 a6 6. Be2 e5 7. Nb3 Be7 8. O-O
Be6 9. f4 Qc7 10. f5 Bc4 11. Be3 b5 12. Bxc4 bxc4 13. Nd2 Nbd7 14. Qe2 Rc8 15.
a4 h5 16. a5 Ng4 17. Nd5 Qc6 18. Rf3 Nxe3 19. Rxe3 Bg5 20. Rc3 Qc5+ 21. Kh1 Bxd2
22. Qxd2 Qd4 23. Qg5 f6 24. Qxg7 Rf8 25. Qe7# {Black checkmated} 1-0

[Event "Team 45 45 League T96"]
[Site "Internet Chess Club"]
[Date "2023.06.10"]
[Round "5"]
[White "zethhon"]
[Black "magiclydonkey"]
[Result "0-1"]
[WhiteElo "1471"]
[BlackElo "1474"]
[Opening "Queen's pawn: London system"]
[ECO "A45"]
[Time "00:00:26"]
[PlyCount "78"]
[TimeControl "2700+45"]

1. d4 Nf6 2. Bf4 g6 3. Nc3 c5 4. d5 Bg7 5. Qd2 a6 6. e4 b5 7. Bh6 Bxh6 8. Qxh6
b4 9. Nce2 Nxe4 10. Qg7 Rf8 11. Qxh7 Nf6 12. Qh6 Bb7 13. Nf4 Bxd5 14. Nxd5 Nxd5
15. Bc4 Qc7 16. O-O-O Qf4+ 17. Qxf4 Nxf4 18. g3 Nh5 19. f4 e6 20. Nf3 d5 21. Be2
Nf6 22. Rhe1 Ne4 23. Rf1 Nc6 24. Bd3 f5 25. Rde1 c4 26. Be2 Rh8 27. Rd1 Ke7 28.
Kb1 Kf6 29. Kc1 a5 30. Kb1 a4 31. Kc1 a3 32. b3 Nc3 33. Rf2 Nxa2+ 34. Kd2 Nc3
35. Ra1 Ne4+ 36. Ke1 Nxf2 37. Kxf2 cxb3 38. cxb3 e5 39. Bb5 Rac8 {White resigns}
0-1

[Event "Team 45 45 League T96"]
[Site "Internet Chess Club"]
[Date "2023.06.10"]
[Round "5"]
[White "Tufnell"]
[Black "primerpaso"]
[Result "1-0"]
[WhiteElo "1979"]
[BlackElo "1797"]
[Opening "Sicilian: Prins (Moscow) variation"]
[ECO "B55"]
[Time "06:08:05"]
[PlyCount "69"]
[TimeControl "2700+45"]

1. e4 c5 2. Nf3 d6 3. d4 cxd4 4. Nxd4 Nf6 5. f3 e5 6. Nb3 d5 7. Bg5 Be6 8. Bxf6
gxf6 9. exd5 Qxd5 10. Qxd5 Bxd5 11. Nc3 Bb4 12. O-O-O Bc6 13. Nd5 Bxd5 14. Rxd5
Nc6 15. Bc4 Rd8 16. Rhd1 Rxd5 17. Rxd5 Ke7 18. c3 Bd6 19. Nc5 Bxc5 20. Rxc5 Rd8
21. Bd5 Kd6 22. b4 Rd7 23. Be4 h6 24. Rd5+ Kc7 25. Rxd7+ Kxd7 26. Kd2 Ke6 27.
Bxc6 bxc6 28. Kd3 f5 29. c4 h5 30. g3 Kf6 31. a4 Ke6 32. a5 Kd6 33. Ke3 f6 34.
h4 a6 35. g4 {Black resigns} 1-0

[Event "Team 45 45 League T96"]
[Site "Internet Chess Club"]
[Date "2023.06.11"]
[Round "5"]
[White "Portola"]
[Black "Pruett1988"]
[Result "1/2-1/2"]
[WhiteElo "1732"]
[BlackElo "1702"]
[Opening "King's Indian: East Indian defense"]
[ECO "A48"]
[Time "15:00:10"]
[PlyCount "112"]
[TimeControl "2700+45"]

1. d4 Nf6 2. Nf3 g6 3. c3 Bg7 4. Bg5 c5 5. e3 O-O 6. Nbd2 d6 7. Bd3 h6 8. Bh4
Nc6 9. O-O Ne8 10. Qe2 f5 11. dxc5 dxc5 12. Bc4+ Kh7 13. Rfd1 Qb6 14. Bb3 Nd6
15. Bg3 Na5 16. Bxd6 Qxd6 17. Bc2 Be6 18. Qb5 Qc7 19. Nb3 Nxb3 20. axb3 a6 21.
Qe2 Rad8 22. e4 fxe4 23. Qxe4 Bf5 24. Qe2 Bxc2 25. Qxc2 Bf6 26. Re1 Rd5 27. Re6
Rf7 28. Rae1 Qf4 29. R6e4 Qf5 30. Qe2 Qd7 31. Re6 Rd6 32. Re4 Rd5 33. b4 cxb4
34. Rxb4 Kg7 35. Re4 Rf8 36. Qc2 Rd8 37. Nd4 e5 38. Nf3 Rd1 39. h3 Rxe1+ 40.
Rxe1 Re8 41. Rd1 Qc6 42. Nh2 h5 43. Nf1 Rd8 44. Rxd8 Bxd8 45. Qd3 Bc7 46. Ne3 b5
47. b3 Bb6 48. g4 hxg4 49. Nxg4 Qe6 50. Qd2 Bc7 51. Qh6+ Kg8 52. Qg5 Kg7 53.
Qh6+ Kg8 54. Qg5 Kg7 55. h4 Bd8 56. Qh6+ Kg8 {Game drawn by mutual agreement}
1/2-1/2

[Event "Team 45 45 League T96"]
[Site "Internet Chess Club"]
[Date "2023.06.13"]
[Round "5"]
[White "Lawkeito"]
[Black "VictorRed"]
[Result "1-0"]
[WhiteElo "1731"]
[BlackElo "1643"]
[Opening "Grünfeld: Smyslov defense"]
[ECO "D10"]
[Time "20:33:17"]
[PlyCount "131"]
[TimeControl "2700+45"]

1. d4 d5 2. c4 c6 3. Nc3 Nf6 4. e3 g6 5. Nf3 Bg7 6. Bd3 O-O 7. O-O Bg4 8. h3 Bd7
9. Qc2 Na6 10. a3 Nc7 11. b4 dxc4 12. Bxc4 Ncd5 13. Bd3 Nxc3 14. Qxc3 Nd5 15.
Qc2 Rc8 16. Bb2 a5 17. Qd2 a4 18. Rac1 b5 19. Rfd1 e6 20. Rc5 f6 21. Be2 Rf7 22.
Ne1 Bf8 23. Rc2 Bd6 24. Nd3 Qe7 25. e4 Nb6 26. Nc5 Be8 27. e5 Bb8 28. Ne4 Nd5
29. Nc5 f5 30. Bc1 Rg7 31. Qh6 Ba7 32. Bg5 Qf7 33. Bf3 Bxc5 34. dxc5 Qc7 35.
Bxd5 cxd5 36. Bf6 Rf7 37. Rd4 Bc6 38. Rh4 Rxf6 39. exf6 Qf7 40. Qg7+ Qxg7 41.
fxg7 Kxg7 42. Re2 Re8 43. Re5 g5 44. Rh5 Kf6 45. Re1 Kg6 46. g4 e5 47. h4 h6 48.
hxg5 hxg5 49. f4 exf4 50. Rxe8 Bxe8 51. Rh8 Bf7 52. gxf5+ Kxf5 53. c6 Be6 54.
Re8 d4 55. c7 Bd7 56. Rd8 Ke6 57. c8=Q Bxc8 58. Rxc8 Kd5 59. Rc5+ Ke4 60. Rxg5
d3 61. Kf2 Kd4 62. Rxb5 Kc3 63. Rc5+ Kb3 64. b5 Kxa3 65. b6 Kb4 66. Rc8 {Black
resigns} 1-0

[Event "Team 45 45 League T96"]
[Site "Internet Chess Club"]
[Date "2023.06.10"]
[Round "5"]
[White "QuieroAprender"]
[Black "AlWynJones"]
[Result "0-1"]
[WhiteElo "1635"]
[BlackElo "1473"]
[Opening "Queen's pawn: London system"]
[ECO "A45"]
[Time "13:01:46"]
[PlyCount "64"]
[TimeControl "2700+45"]

1. d4 Nf6 2. Bf4 c6 3. e3 g5 4. Bxg5 Qa5+ 5. Nc3 Qxg5 6. Nf3 Qg8 7. g4 Qxg4 8.
Be2 Rg8 9. Ne5 Qh4 10. Nf3 Qh6 11. h3 d5 12. Qd3 Qg6 13. Qd2 Ne4 14. Nxe4 dxe4
15. Ne5 Qd6 16. O-O-O Nd7 17. Nc4 Qc7 18. Bh5 Nf6 19. Qe2 Be6 20. Ne5 O-O-O 21.
Bxf7 Bxf7 22. Nxf7 Rd5 23. Qc4 e6 24. Ne5 Bd6 25. a3 Bxe5 26. dxe5 Qxe5 27. Qa4
Kb8 28. c4 Rxd1+ 29. Rxd1 Qc7 30. b4 Rd8 31. Rd4 Rxd4 32. exd4 Qf4+ {White
resigns} 0-1

[Event "Team 45 45 League T96"]
[Site "Internet Chess Club"]
[Date "2023.06.11"]
[Round "5"]
[White "VictorRed"]
[Black "LookImYourVader"]
[Result "1-0"]
[WhiteElo "1656"]
[BlackElo "1747"]
[Opening "Queen's Indian: old main line, 9.Qxc3"]
[ECO "E19"]
[Time "18:00:23"]
[PlyCount "109"]
[TimeControl "2700+45"]

1. Nf3 Nf6 2. d4 e6 3. g3 b6 4. Bg2 Bb7 5. O-O Be7 6. c4 O-O 7. Nc3 Ne4 8. Qc2
Nxc3 9. Qxc3 d6 10. b4 a5 11. a3 axb4 12. axb4 Rxa1 13. Qxa1 Nd7 14. Bb2 Qa8 15.
Qc1 c5 16. bxc5 bxc5 17. Rd1 cxd4 18. Bxd4 Rc8 19. Rd2 e5 20. Bb2 e4 21. Ne1 Nc5
22. Rc2 Qa5 23. Bc3 Qa4 24. Qb2 Ba6 25. Bxg7 Ne6 26. Bh6 Rxc4 27. Qb8+ Bc8 28.
Bxe4 Rxc2 29. Bxc2 Qc6 30. Qb1 Nf8 31. Bxf8 Kxf8 32. Bxh7 Bb7 33. Nf3 Bf6 34.
Qc2 Qd5 35. Bd3 Qc6 36. Qxc6 Bxc6 37. g4 Bxf3 38. exf3 Kg7 39. Kg2 Be5 40. h4
Bf4 41. Be4 f6 42. Kf1 Kf7 43. Bd5+ Ke7 44. Ke2 Kf8 45. Kd3 Kg7 46. Ke4 Bd2 47.
f4 Be1 48. Kf3 Bd2 49. Be4 Bc1 50. Kg3 Bd2 51. g5 fxg5 52. fxg5 Be1 53. Kg2 Bd2
54. f3 Bf4 55. Kh3 {Black resigns} 1-0

[Event "Team 45 45 League T96"]
[Site "Internet Chess Club"]
[Date "2023.06.09"]
[Round "5"]
[White "fishhead"]
[Black "jfkingiii"]
[Result "1-0"]
[WhiteElo "1653"]
[BlackElo "1433"]
[Opening "Petrov: Cochrane gambit"]
[ECO "C42"]
[Time "17:02:15"]
[PlyCount "45"]
[TimeControl "2700+45"]

1. e4 e5 2. Nf3 Nf6 3. Nxe5 d6 4. Nxf7 Kxf7 5. Bc4+ d5 6. exd5 Bd6 7. O-O Rf8 8.
d4 Kg8 9. Bg5 Qe8 10. f3 Qg6 11. Qd2 Kh8 12. Nc3 a6 13. Rae1 Bf5 14. Bxf6 Rxf6
15. Ne4 Bxe4 16. fxe4 Rxf1+ 17. Bxf1 Nd7 18. e5 Be7 19. Bd3 Qg5 20. Qe2 b5 21.
Qe4 g6 22. d6 cxd6 23. Qxa8+ {Black resigns} 1-0